 Dungeon Crawl Stone Soup version 0.31.0-12-g77e489cdc1 (webtiles) character file.

Game seed: 1049780240575686276

1626 Doomgape the Covered (level 8, -3/53 HPs)
             Began as a Gargoyle Fighter on Feb 21, 2024.
             Slain by a gnoll
             ... wielding a +0 halberd
             ... led by a gnoll sergeant
              (5 damage)
             ... on level 5 of the Dungeon.
             The game lasted 00:13:25 (4309 turns).

Doomgape the Covered (Gargoyle Fighter)             Turns: 4309, Time: 00:13:26

Health: -3/53      AC: 18    Str: 21    XL:     8   Next: 97%
Magic:  8/8        EV:  6    Int: 10    God:
Gold:   281        SH:  5    Dex:  9    Spells: 7/7 levels left

rFire   . . .        a - +1 flail
rCold   . . .        c - +1 buckler
rNeg    + . .        m - +0 plate armour
rPois   ∞            (no helmet)
rElec   +            (no cloak)
rCorr   .            (no gloves)
SInv    .            (no boots)
Will    .....        (no amulet) Stlth
                     (no ring)
HPRegen 0.28/turn    (no ring)
MPRegen 0.11/turn

%: no passive effects
@: hasted, very quick
A: sickness immunity, AC +5, negative energy resistance 1, electricity
resistance, torment resistance 1, petrification resistance
a: no special abilities


You were on level 5 of the Dungeon.
You visited 1 branch of the dungeon, and saw 5 of its levels.

You collected 281 gold pieces.

Inventory:

Hand Weapons
 a - a +1 flail (weapon)
Armour
 c - a +1 buckler (worn)
 m - a +0 plate armour (worn)
Jewellery
 n - a ring of ice
Wands
 b - a wand of polymorph (9)
 s - a wand of iceblast (4)
Scrolls
 i - 5 scrolls of immolation
 q - a scroll of identify
 r - a scroll of fear
Potions
 d - 2 potions of might
 e - 2 potions of lignification
 f - a potion of ambrosia {unknown}
 g - a potion of degeneration {unknown}
 h - a potion of curing
 j - 2 potions of haste
 k - a potion of mutation {unknown}
 l - a potion of magic {unknown}
 t - a potion of heal wounds
 u - a potion of enlightenment {unknown}


   Skills:
 + Level 7.3 Fighting
 + Level 6.2 Maces & Flails
 + Level 7.3 Armour
 - Level 5.2 Shields


You had 7 spell levels left.
You didn't know any spells.
Your spell library contained the following spells:

 Spells                   Type           Power      Damage    Failure   Level
 Blink                    Tloc           0%         N/A       100%        2
 Lesser Beckoning         Tloc           0%         N/A       100%        2
 Momentum Strike          Conj/Tloc      0%         3d8       100%        2


Dungeon Overview and Level Annotations

Branches:
Dungeon (5/15)
 Temple: D:4-7

Altars:
Ashenzari
Gozag
Uskayaw


Innate Abilities, Weirdness & Mutations

You are immune to sickness and miasma.
Your stone body is resilient. (AC +5)
You are immune to poison.
You resist negative energy. (rN+)
You are resistant to electric shocks. (rElec)
You are resistant to unholy torment.
You are immune to petrification.


Message History

The gnoll sergeant is moderately wounded.
The gnoll sergeant hits you with a +2 trident of venom.
* * * LOW HITPOINT WARNING * * *
It was a potion of haste.
You feel yourself speed up. You block the gnoll sergeant's attack.
It was a potion of curing.
You feel better.
The gnoll sergeant hits you but does no damage.
It was a potion of heal wounds.
You feel much better.
You completely miss the gnoll sergeant.
The gnoll sergeant is moderately wounded.
The gnoll sergeant hits you with a +2 trident of venom.
You sock the gnoll sergeant!
The gnoll sergeant is heavily wounded.
The gnoll sergeant hits you with a +2 trident of venom.
You barely miss the gnoll sergeant.
The gnoll sergeant is heavily wounded.
The gnoll sergeant hits you with a +2 trident of venom.
You sock the gnoll sergeant!
You kill the gnoll sergeant!
You thump the ice beast!
The ice beast is moderately wounded.
You sock the ice beast!
The ice beast is almost dead.
The ice beast hits you. The ice beast freezes you!
* * * LOW HITPOINT WARNING * * *
The gnoll hits you from afar with a +0 halberd.
* * * LOW HITPOINT WARNING * * *
You closely miss the ice beast.
The ice beast is almost dead.
You block the ice beast's attack.
The gnoll hits you from afar with a +0 halberd!
* * * LOW HITPOINT WARNING * * *
You hit the ice beast.
You kill the ice beast!
The gnoll hits you but does no damage. You block the gnoll's attack.
Things that are here:
a +2 trident of venom; a +0 ring mail You barely miss the gnoll.
The gnoll hits you but does no damage. The gnoll hits you with a +0 halberd.
You die...

.##### .....# .###.#
...#^# # #+## ##.#.# #.
#...# #.#.# #.### #.....
##.#.# #.#.## #......
.....#####....####.......
..)............)@gg......
##.###...###..####.......
##.###.#.# #.## #......
.).....#.###.# #.....
#..##..##....# #...#
#.###........# #+## #.#
#.###.#### #.###.###.##
.............


You could see 2 gnolls.

Vanquished Creatures
  Grinder (D:3)
  Sigmund (D:5)
  Eustachio (D:5)
  Edmund (D:4)
  A water moccasin (D:4)
  An ice beast (D:5)
  A black bear (D:3)
  A gnoll sergeant (D:5)
  3 scorpions
  A bombardier beetle (D:4)
  3 orc priests
  3 iguanas
  Natasha (thrice) (D:4)
  A sleepcap (D:4)
  Ijyb (D:3)
  An orc wizard (D:4)
  A gnoll (D:5)
  4 adders
  A white imp (D:3)
  4 dart slugs
  7 orcs
  5 endoplasms
  5 giant cockroaches
  9 goblins
  4 hobgoblins
  4 jackals (D:4)
  3 kobolds
  4 quokkas (D:2)
  9 ball pythons
  3 bats
  5 frilled lizards
  8 rats
100 creatures vanquished.

Notes
Turn   | Place    | Note
-------+----------+-------------------------------------------
     0 | D:1      | Doomgape the Gargoyle Fighter began the quest for the Orb.
     0 | D:1      | Reached XP level 1. HP: 14/14 MP: 1/1
   302 | D:1      | Reached XP level 2. HP: 19/19 MP: 2/2
   937 | D:2      | Reached XP level 3. HP: 24/24 MP: 3/3
   978 | D:2      | Identified the +6 trident "Ogre's Peril" {flame, ^Contam
                  | ^Drain rPois Str+9}
  1410 | D:3      | Noticed Ijyb
  1417 | D:3      | Killed Ijyb
  1418 | D:3      | Reached XP level 4. HP: 27/29 MP: 4/4
  1441 | D:3      | Identified the +1 robe of the Stars {rC+}
  1529 | D:3      | Found a faded altar of an unknown god.
  1589 | D:3      | Reached XP level 5. HP: 21/33 MP: 5/5
  1749 | D:3      | Noticed a black bear
  1773 | D:3      | Killed a black bear
  1774 | D:3      | Reached XP level 6. HP: 30/39 MP: 6/6
  2105 | D:3      | Noticed Grinder
  2105 | D:3      | Paralysed by Grinder for 2 turns
  2126 | D:3      | Paralysed by Grinder for 3 turns
  2130 | D:3      | Killed Grinder
  2131 | D:3      | Reached skill level 5 in Fighting
  2131 | D:3      | Reached skill level 5 in Armour
  2131 | D:3      | Reached skill level 5 in Shields
  2131 | D:3      | Reached XP level 7. HP: 14/44 MP: 7/7
  2589 | D:3      | Found a hide-covered altar of Uskayaw.
  2796 | D:4      | Noticed Edmund
  2799 | D:4      | Killed Edmund
  3134 | D:4      | Noticed Natasha
  3141 | D:4      | Killed Natasha
  3164 | D:4      | Reached XP level 8. HP: 34/51 MP: 8/8
  3273 | D:4      | Found a broken altar of Ashenzari.
  3319 | D:4      | Reached skill level 5 in Maces & Flails
  3393 | D:4      | Noticed Natasha
  3399 | D:4      | Killed Natasha
  3476 | D:4      | Found an opulent altar of Gozag.
  3592 | D:4      | Noticed Natasha
  3600 | D:4      | Killed Natasha
  4031 | D:5      | Entered Level 5 of the Dungeon
  4039 | D:5      | Noticed Sigmund
  4043 | D:5      | Noticed Eustachio
  4053 | D:5      | Killed Sigmund
  4097 | D:5      | Killed Eustachio
  4306 | D:5      | HP: 2/53 [gnoll/+0 halberd[a gnoll sergeant] (7)]
  4309 | D:5      | Slain by a gnoll

Illustrated notes

Levels and vault maps discovered:
D:1:      psy_arrival_radial02, layout_basic, minmay_misc_feat_enclosed
D:2:      cheibrodos_old_hovel, layout_rooms
D:3:      kennysheep_big_flooded_room, layout_loops_ring,
          mainiacjoe_overflow_alcove_2, ebering_ecumenical_altar_webs,
          uniq_grinder, uniq_ijyb
D:4:      layout_gridville, ashenzari_altar_1, kennysheep_mini, minivault_11,
          nrook_campfire, uniq_edmund, uniq_natasha
D:5:      layout_loops_corners, serial_shops, nicolae_square_shop,
          uniq_eustachio, uniq_blork_the_orc, uniq_sigmund

Skill      XL: |  1  2  3  4  5  6  7  8 |
---------------+-------------------------+-----
Armour         | 4 5 6 7 |  7.3
Shields        | 4 5 |  5.2
Fighting       | 4 5 6 7 |  7.3
Maces & Flails | 3 4 6 |  6.2

Action                     |  1- 3 |  4- 6 |  7- 9 || total
---------------------------+-------+-------+-------++-------
  Melee: Flail             |   105 |    96 |   209 ||   410
         Unarmed           |       |       |     9 ||     9
  Evoke: Wand              |       |       |     3 ||     3
    Use: Scroll            |       |     1 |     8 ||     9
         Potion            |       |     1 |     3 ||     4
 Armour: Scale mail        |    65 |    76 |   114 ||   255
         Plate armour      |       |       |   107 ||   107
         Skin              |       |       |     1 ||     1
  Dodge: Dodged            |    57 |    49 |   110 ||   216
  Block: Buckler           |    25 |    23 |    63 ||   111
